 Dungeon Crawl Stone Soup version 0.22.1-1-ga44c0e56f4 (webtiles) character file.

10871 Gargoyl the Protected (level 11, -9/92 HPs)
             Began as a Centaur Abyssal Knight on Oct 17, 2018.
             Was an Elder of Lugonu.
             Mangled by a minotaur
             ... wielding a +0 dagger of venom
              (14 damage)
             ... in a labyrinth.
             The game lasted 00:24:32 (17584 turns).

Gargoyl the Protected (Centaur Abyssal Knight)     Turns: 17584, Time: 00:24:33

Health: -9/92      AC: 14    Str: 24    XL:     11   Next: 41%
Magic:  6/17       EV:  7    Int:  9    God:    Lugonu [****..]
Gold:   660        SH:  0    Dex: 10    Spells: 10/10 levels left

rFire    . . .     SeeInvis +   f - +2 whip (elec)
rCold    . . .     Gourm    .   (no shield)
rNeg     + . .     Faith    .   e - +1 chain mail
rPois    .         Spirit   .   l - +2 helmet
rElec    .         Reflect  .   (no cloak)
rCorr    +         Harm     .   (no gloves)
MR       .....                  (no barding)
Stlth    ..........             x - amulet of magic regeneration
HPRegen  0.25/turn              d - ring of positive energy
MPRegen  0.40/turn              b - ring of resist corrosion

@: mighty, lethally poisoned (-9 -> -23), very slightly contaminated, invisible,
very quick
A: large, hooves 3, see invisible, deformed body, dopey 1, speed 2, strong 1,
tough skin 3, MP-powered wands
a: Depart the Abyss, Bend Space, Banish, Corrupt, Renounce Religion


You were in a labyrinth.
You worshipped Lugonu.
Lugonu was greatly pleased with you.
You were hungry.

You visited 2 branches of the dungeon, and saw 12 of its levels.
You visited the Abyss 1 time.
You also visited: Labyrinth and Ossuary.

You collected 660 gold pieces.

Inventory:

Hand Weapons
 a - a +1 hand axe
 f - a +2 whip of electrocution (weapon)
 n - a +3 whip
 C - a +4 hand axe
Missiles
 i - a javelin of penetration (quivered)
 j - 7 javelins
Armour
 e - a +1 chain mail (worn)
 l - a +2 helmet (worn)
Jewellery
 b - a ring of resist corrosion (right hand)
 d - a ring of positive energy (left hand)
 x - an amulet of magic regeneration (around neck)
 E - an uncursed ring of protection from fire
Wands
 y - a wand of paralysis (5)
 D - a wand of iceblast (7)
 F - a wand of digging (16)
Scrolls
 g - 4 scrolls of remove curse
 h - 7 scrolls of teleportation
 k - 5 scrolls of blinking
 p - 7 scrolls of amnesia
 r - a scroll of magic mapping
 s - 3 scrolls of identify
 v - 4 scrolls of fog
Potions
 m - a potion of invisibility
 o - a potion of magic
 t - 2 potions of flight
 u - 2 potions of might
 w - a potion of ambrosia
 z - 2 potions of agility
 A - a potion of haste
 B - a potion of resistance {unknown}
 H - 2 potions of mutation
Comestibles
 c - 18 rations


   Skills:
 + Level 7.0 Fighting
 + Level 4.0(6.5) Axes
 + Level 8.1(8.5) Maces & Flails
 + Level 1.5 Throwing
 * Level 9.0 Armour
 + Level 2.5 Dodging
 * Level 8.1 Invocations


You had 10 spell levels left.
You didn't know any spells.
Your spell library contained the following spells:

 Spells                   Type           Power        Failure   Level  Hunger
 Apportation              Tloc           #.....       92%         1    ##.....
 Beastly Appendage        Tmut           #.....       92%         1    ##.....
 Corona                   Hex            #......      92%         1    ##.....
 Flame Tongue             Conj/Fire      #....        92%         1    ##.....
 Shock                    Conj/Air       #...         92%         1    ##.....
 Sting                    Conj/Pois      #...         92%         1    ##.....
 Summon Butterflies       Summ           #.......     92%         1    ##.....
 Ensorcelled Hibernation  Hex/Ice        #.....       98%         2    ###....
 Poisonous Vapours        Pois/Air       #.....       98%         2    ###....
 Sticks to Snakes         Tmut           #.......     98%         2    ###....
 Swiftness                Chrm/Air       #.......     98%         2    ###....
 Throw Flame              Conj/Fire      #.....       98%         2    ###....
 Confuse                  Hex            #.......     100%        3    ####...
 Conjure Flame            Conj/Fire      #.......     100%        3    ####...
 Dazzling Spray           Conj/Hex       #.....       100%        3    ####...
 Inner Flame              Hex/Fire       #.......     100%        3    ####...
 Lesser Beckoning         Tloc           #.........   100%        3    ####...
 Mephitic Cloud           Conj/Pois/Air  #.......     100%        3    ####...
 Spider Form              Tmut/Pois      #.........   100%        3    ####...
 Static Discharge         Conj/Air       #.......     100%        3    ####...
 Tukima's Dance           Hex            #.......     100%        3    ####...
 Airstrike                Air            #.........   100%        4    #####..
 Ice Form                 Ice/Tmut       #.......     100%        4    #####..
 Olgreb's Toxic Radiance  Pois           #.......     100%        4    #####..
 Sticky Flame             Conj/Fire      #.......     100%        4    #####..
 Alistair's Intoxication  Tmut/Pois      #.......     100%        5    ######.
 Blade Hands              Tmut           #.........   100%        5    ######.
 Fireball                 Conj/Fire      #.........   100%        5    ######.
 Lightning Bolt           Conj/Air       #.........   100%        5    ######.
 Venom Bolt               Conj/Pois      #.........   100%        5    ######.
 Invisibility             Hex            #.......     100%        6    #######


Dungeon Overview and Level Annotations

Branches:
Dungeon (11/15)            Temple (0/1) D:5            Lair (1/6) D:11
    Orc (0/2) D:10

Altars:
Kikubaaqudgha
Xom

Shops:
D:5 [


Innate Abilities, Weirdness & Mutations

You have hooves in place of feet.
Armour fits poorly on your strangely shaped body.
You cover ground very quickly.
You have extremely tough skin. (AC +3)
You have supernaturally acute eyesight. (SInv)
You are dopey. (Int -2)
Your muscles are strong. (Str +2)
You expend magic power (3 MP) to strengthen your wands.


Message History

You are lethally poisoned!
The minotaur gores you but does no damage.
Press: ? - help, Shift-Dir - straight line, f/p - minotaur
Aim: a minotaur, wielding a dagger of venom, wearing a plate armour and wearing The minotaur resists with almost no effort.
You feel somewhat more hungry.
* * * LOW HITPOINT WARNING * * *
You feel sick.
The minotaur hits you but does no damage.
You are more poisoned.
The minotaur barely misses you.
Okay, then.
Press: ? - help, Shift-Dir - straight line, f/p - minotaur
Aim: a minotaur, wielding a dagger of venom, wearing a plate armour and wearing The minotaur resists with almost no effort.
You are feeling hungry.
* * * LOW HITPOINT WARNING * * *
You feel sick.
The minotaur hits you with an uncursed dagger of venom!
You die...

# # . # #. .. ..
## ## ## . .
...#. . .#####.#
#.#. ###. ..#..
#.......# #.###
#.#.####### #.#
#
......#.#.......
.#. .
#.....H@(...#
#.# ##
#.#########.#
#.. . # #...#.
## # #.........#
#.#. #. #.#
.#....... . #
##.##.# . ###.#
.


You could see a minotaur.

Vanquished Creatures
  A two-headed ogre (D:11)
  A gargoyle (D:11)
  A troll (D:10)
  Prince Ribbit (D:7)
  Grinder (D:3)
  4 hippogriffs
  A spriggan (D:9)
  2 wraiths (Ossuary)
  3 yaks (D:11)
  4 basilisks (Lab)
  Menkaure (D:7)
  3 wargs (D:11)
  A soldier ant (D:11)
  A porcupine (Lair:1)
  4 sky beasts
  A black bear (D:11)
  4 ice beasts
  4 orc warriors
  3 phantoms
  A hornet zombie (D:8)
  2 necrophages (D:9)
  4 ogres
  4 wolves
  4 centaurs
  A big kobold (D:8)
  4 bullfrogs
  2 scorpions
  6 killer bees (D:9)
  5 wights
  A howler monkey (D:6)
  2 jellies
  2 crimson imps
  A bullfrog zombie (D:9)
  2 centaur zombies
  5 hounds
  14 orc wizards
  3 centaur skeletons
  9 orc priests
  A gnoll shaman (D:7)
  2 bullfrog skeletons
  Terence (D:2)
  An iguana (D:8)
  Natasha (thrice) (D:3)
  9 worker ants
  18 gnolls
  18 adders
  2 shadow imps
  An adder zombie (Ossuary)
  3 worms
  2 dart slugs (D:1)
  8 leopard geckos
  49 orcs
  6 bats
  8 giant cockroaches
  11 hobgoblins
  8 jackals
  9 kobolds
  2 quokkas
  A ball python (D:4)
  A ball python skeleton (Ossuary)
  2 frilled lizards
  7 goblins
  2 hobgoblin skeletons (Ossuary)
  3 hobgoblin zombies (Ossuary)
  A jackal skeleton (D:4)
  A jackal zombie (D:6)
  An orc skeleton (Ossuary)
  An orc zombie (Ossuary)
  7 rats
302 creatures vanquished.

Vanquished Creatures (collateral kills)
  An adder (D:8)
1 creature vanquished.

Vanquished Creatures (others)
  A black mamba (Lair:1)
  A gargoyle (D:11)
  2 porcupines (Lair:1)
  An orc priest (D:7)
  A worker ant (D:4)
6 creatures vanquished.

Grand Total: 309 creatures vanquished

Notes
Turn   | Place    | Note
-------+----------+-------------------------------------------
     0 | Abyss:1  | Gargoyl the Centaur Abyssal Knight began the quest for the
                  | Orb.
     0 | Abyss:1  | Reached XP level 1. HP: 19/19 MP: 2/2
    25 | Abyss:2  | Noticed a crimson imp
    25 | Abyss:2  | Noticed a crimson imp
    40 | Abyss:2  | Noticed a small abomination
    72 | Abyss:2  | Noticed a large abomination
    80 | D:1      | Escaped the Abyss
   230 | D:1      | Reached XP level 2. HP: 25/26 MP: 3/3
   416 | D:1      | Reached * piety under Lugonu
   786 | D:1      | Reached XP level 3. HP: 31/31 MP: 4/4
  1070 | D:2      | Gained mutation: You have supernaturally acute eyesight.
                  | (SInv) [potion of mutation]
  1070 | D:2      | Gained mutation: You are dopey. (Int -2) [potion of
                  | mutation]
  1070 | D:2      | Gained mutation: Your muscles are strong. (Str +2) [potion
                  | of mutation]
  1070 | D:2      | Gained mutation: You expend magic power (3 MP) to
                  | strengthen your wands. [potion of mutation]
  1372 | D:2      | Noticed Terence
  1380 | D:2      | Killed Terence
  1380 | D:2      | Reached skill level 2 in Armour
  1380 | D:2      | Reached XP level 4. HP: 6/38 MP: 5/5
  2329 | D:2      | Reached XP level 5. HP: 9/45 MP: 7/7
  3630 | D:3      | Noticed Natasha
  3638 | D:3      | Killed Natasha
  3640 | D:3      | Reached skill level 3 in Armour
  3800 | D:3      | Noticed Grinder
  3810 | D:3      | Killed Grinder
  3810 | D:3      | Reached skill level 1 in Maces & Flails
  3810 | D:3      | Reached XP level 6. HP: 47/52 MP: 8/8
  4006 | D:3      | Noticed Natasha
  4012 | D:3      | Killed Natasha
  4012 | D:3      | Reached ** piety under Lugonu
  4119 | D:3      | Noticed Natasha
  4130 | D:3      | Killed Natasha
  4130 | D:3      | Reached skill level 1 in Dodging
  4307 | D:4      | Found a shimmering altar of Xom.
  4328 | D:5      | Entered Level 5 of the Dungeon
  4331 | D:5      | Reached XP level 7. HP: 42/59 MP: 9/9
  4694 | D:5      | Found a staircase to the Ecumenical Temple.
  5283 | D:4      | Reached skill level 4 in Armour
  5385 | D:5      | Got a steaming lead ring
  5388 | D:5      | Identified the ring "Ereuwisi" {*Tele Dex+4 Stlth+} (You
                  | found it on level 5 of the Dungeon)
  5793 | D:5      | Found Qyogoen's Antique Armour Boutique.
  6083 | D:6      | Reached XP level 8. HP: 56/67 MP: 11/11
  6526 | D:6      | Reached *** piety under Lugonu
  7077 | D:6      | Reached skill level 5 in Invocations
  7308 | D:7      | Reached skill level 5 in Fighting
  7359 | D:7      | Noticed Menkaure
  7386 | D:8      | Reached skill level 5 in Armour
  7467 | D:8      | Reached skill level 5 in Maces & Flails
  7467 | D:8      | Reached skill level 1 in Throwing
  7576 | D:8      | Found a sand-covered staircase.
  7600 | Ossuary  | Entered an ossuary
  7747 | Ossuary  | Noticed a flying skull
  7756 | Ossuary  | Noticed a flying skull
  7779 | Ossuary  | Noticed a flying skull
  7780 | Ossuary  | Noticed a flying skull
  7905 | Ossuary  | Noticed a flying skull
  7915 | Ossuary  | Reached XP level 9. HP: 70/74 MP: 13/13
  8608 | D:7      | Killed Menkaure
  8608 | D:7      | Reached skill level 6 in Armour
  8612 | D:7      | Noticed Prince Ribbit
  8640 | D:7      | Killed Prince Ribbit
  8953 | D:7      | Reached **** piety under Lugonu
 10087 | D:8      | Found an ancient bone altar of Kikubaaqudgha.
 11108 | D:9      | Reached XP level 10. HP: 81/82 MP: 15/15
 11212 | D:9      | Reached skill level 7 in Armour
 12258 | D:10     | Entered Level 10 of the Dungeon
 12829 | D:10     | Found a staircase to the Orcish Mines.
 13826 | D:10     | Reached ***** piety under Lugonu
 14426 | D:11     | Found a staircase to the Lair.
 14445 | D:11     | Reached skill level 8 in Armour
 14985 | D:11     | Noticed a gargoyle
 15001 | D:11     | Killed a gargoyle
 15156 | D:11     | Noticed a two-headed ogre
 15158 | D:11     | Noticed a gargoyle
 15225 | D:11     | Killed a two-headed ogre
 15225 | D:11     | Reached XP level 11. HP: 42/91 MP: 16/16
 16602 | Lair:1   | Entered Level 1 of the Lair of Beasts
 16628 | Lair:1   | Found a labyrinth entrance.
 17092 | Lair:1   | Reached skill level 9 in Armour
 17107 | Lab      | Entered a labyrinth
 17564 | Lab      | Noticed a minotaur
 17584 | Lab      | Mangled by a minotaur

Skill      XL: |  1  2  3  4  5  6  7  8  9 10 11 |
---------------+----------------------------------+-----
Axes           | 2 3 4 |  4.0
Armour         | 2 3 4 5 6 8 9 |  9.0
Invocations    | 3 4 5 7 8 |  8.1
Maces & Flails | 1 2 4 5 6 7 8 |  8.1
Fighting       | 4 5 6 7 |  7.0
Dodging        | 1 2 |  2.5
Throwing       | 1 |  1.5

Action                   |  1- 3 |  4- 6 |  7- 9 | 10-12 || total
-------------------------+-------+-------+-------+-------++-------
Melee: Hand axe          |    81 |    68 |       |    52 ||   201
       Kick              |    11 |    19 |   131 |   125 ||   286
       Whip              |       |   111 |   490 |   471 ||  1072
Throw: Javelin           |       |     6 |    12 |     4 ||    22
Invok: Depart the Abyss  |     1 |       |       |       ||     1
       Bend Space        |       |     1 |       |     1 ||     2
       Banish            |       |       |     1 |     8 ||     9
  Use: Potion            |     2 |       |     2 |     6 ||    10
       Scroll            |       |    11 |    11 |     4 ||    26
 Stab: Invisible         |       |       |       |     1 ||     1
  Eat: Chunk             |       |     9 |    15 |    14 ||    38
       Ration            |       |       |     1 |     2 ||     3
Armor: Chain mail        |    62 |   128 |   239 |   291 ||   720
       Skin              |       |       |       |    37 ||    37
Dodge: Dodged            |    14 |    55 |    90 |   149 ||   308
